| TOP OF THE 1ST |
|
Spartanburg Spartans batting - Pitching for Sumter Gamecocks : RHP David Lopez
|
|
Pitching: RHP David Lopez
|
|
|
Batting: SHB Michael Vanderburg
|
0-0: Ball 1-0: Ball 2-0: Called Strike 2-1: Ground out 4-3 (Groundball, 4, EV 83.1 MPH)
|
|
Batting: RHB Van Sowards
|
0-0: Ball 1-0: Called Strike 1-1: Fly out, F8 (Flyball, 8LS, EV 86.9 MPH)
|
|
Batting: LHB John Hennell
|
0-0: Ball 1-0: Fly out, F7 (Line Drive, 7, EV 85.6 MPH)
|
| Top of the 1st over - 0 runs, 0 hits, 0 errors, 0 left on base; Spartanburg 0 - Sumter 0 |
| BOTTOM OF THE 1ST |
|
Sumter Gamecocks batting - Pitching for Spartanburg Spartans : LHP Michael Bungarz
|
|
Pitching: LHP Michael Bungarz
|
|
|
Batting: SHB John Cangelosi
|
0-0: Called Strike 0-1: Ball 1-1: Swinging Strike 1-2: DOUBLE (Line Drive, 5D, EV 105.6 MPH)
|
|
Batting: LHB Rick Siriano
|
0-0: Fly out, F8 (Flyball, 8LS, EV 83.8 MPH)
|
|
Batting: RHB Randy Washington
|
0-0: Ball John Cangelosi steals 3rd base 1-0: Foul Ball, location: 2F 1-1: Ball 2-1: Foul Ball, location: 2F 2-2: Ball 3-2: Fly out, F3 (Flyball, 3D, EV 81.9 MPH)
|
|
Batting: RHB Kelly Gruber
|
0-0: Foul Ball, location: 2F 0-1: Foul Ball, location: 2F 0-2: Ball 1-2: Strikes out swinging
|
| Bottom of the 1st over - 0 runs, 1 hit, 0 errors, 1 left on base; Spartanburg 0 - Sumter 0 |
| TOP OF THE 2ND |
|
Spartanburg Spartans batting - Pitching for Sumter Gamecocks : RHP David Lopez
|
|
Batting: RHB Gib Seibert
|
0-0: Ball 1-0: Ball 2-0: Ball 3-0: Called Strike 3-1: Base on Balls
|
|
Batting: RHB Dan Boever
|
0-0: Ball 1-0: Ball 2-0: Foul Ball, location: 2F 2-1: Ball 3-1: Swinging Strike 3-2: Base on Balls Gib Seibert to second
|
|
Batting: LHB Albert Ortiz
|
0-0: Called Strike 0-1: Foul Ball, location: 2F 0-2: Ball 1-2: Fielders Choice at 2nd, 4-6 (Groundball, 4S, EV 81.9 MPH) Gib Seibert to third
|
|
Batting: RHB Ron Dillard
|
0-0: Called Strike 0-1: Ball 1-1: Ball 2-1: Ground out 6-3 (Groundball, 4MS, EV 85.6 MPH) Gib Seibert scores Albert Ortiz to second
|
|
Batting: RHB Rigo Rodriguez
|
0-0: Ball 1-0: DOUBLE (Line Drive, 9LM, EV 108.8 MPH) Albert Ortiz scores
|
|
Batting: RHB Robin Dreizler
|
0-0: Ball 1-0: Ball 2-0: Called Strike 2-1: Fly out, F9 (Flyball, 9, EV 91.9 MPH)
|
| Top of the 2nd over - 2 runs, 1 hit, 0 errors, 1 left on base; Spartanburg 2 - Sumter 0 |
| BOTTOM OF THE 2ND |
|
Sumter Gamecocks batting - Pitching for Spartanburg Spartans : LHP Michael Bungarz
|
|
Batting: LHB Mark Gerard
|
0-0: Called Strike 0-1: Called Strike 0-2: Ball 1-2: Strikes out swinging
|
|
Batting: RHB Vaughn Calloway
|
0-0: Foul Ball, location: 2F 0-1: SINGLE (Groundball, 34D, EV 107.5 MPH)
|
|
Batting: RHB Jerry Hidalgo
|
0-0: Ball 1-0: Ball 2-0: Fielders Choice at 2nd, 5-4 (Groundball, 5S, EV 80.6 MPH)
|
|
Batting: RHB Johnny Vestal
|
0-0: Ball 1-0: Foul Ball, location: 2F 1-1: Ball 2-1: Foul Ball, location: 2F 2-2: DOUBLE (Groundball, 5L, EV 106.9 MPH) Jerry Hidalgo to third
|
|
Batting: RHB Juan Hernandez
|
0-0: Foul Ball, location: 2F 0-1: Foul Ball, location: 2F 0-2: Ball 1-2: Strikes out swinging
|
| Bottom of the 2nd over - 0 runs, 2 hits, 0 errors, 2 left on base; Spartanburg 2 - Sumter 0 |
| TOP OF THE 3RD |
|
Spartanburg Spartans batting - Pitching for Sumter Gamecocks : RHP David Lopez
|
|
Batting: SHB Michael Vanderburg
|
0-0: Swinging Strike 0-1: Ball 1-1: Foul Ball, location: 2F 1-2: Strikes out swinging
|
|
Batting: RHB Van Sowards
|
0-0: Ball 1-0: Called Strike 1-1: Called Strike 1-2: Strikes out swinging
|
|
Batting: LHB John Hennell
|
0-0: Ball 1-0: Called Strike 1-1: Ground out 6-3 (Groundball, P, EV 86.3 MPH)
|
| Top of the 3rd over - 0 runs, 0 hits, 0 errors, 0 left on base; Spartanburg 2 - Sumter 0 |
| BOTTOM OF THE 3RD |
|
Sumter Gamecocks batting - Pitching for Spartanburg Spartans : LHP Michael Bungarz
|
|
Batting: SHB John Cangelosi
|
0-0: Called Strike 0-1: Called Strike 0-2: Strikes out swinging
|
|
Batting: LHB Rick Siriano
|
0-0: Ball 1-0: Ground out 4-3 (Groundball, 34, EV 76.3 MPH)
|
|
Batting: RHB Randy Washington
|
0-0: Ground out U3 (Groundball, 34S, EV 94.4 MPH)
|
| Bottom of the 3rd over - 0 runs, 0 hits, 0 errors, 0 left on base; Spartanburg 2 - Sumter 0 |
| TOP OF THE 4TH |
|
Spartanburg Spartans batting - Pitching for Sumter Gamecocks : RHP David Lopez
|
|
Batting: RHB Gib Seibert
|
0-0: Foul Ball, location: 2F 0-1: Fly out, F4 (Popup, 34S, EV 83.8 MPH)
|
|
Batting: RHB Dan Boever
|
0-0: Ground out 5-3 (Groundball, 5, EV 95.6 MPH)
|
|
Batting: LHB Albert Ortiz
|
0-0: Ball 1-0: Ground out 4-3 (Groundball, 4, EV 100.6 MPH)
|
| Top of the 4th over - 0 runs, 0 hits, 0 errors, 0 left on base; Spartanburg 2 - Sumter 0 |
| BOTTOM OF THE 4TH |
|
Sumter Gamecocks batting - Pitching for Spartanburg Spartans : LHP Michael Bungarz
|
|
Batting: RHB Kelly Gruber
|
0-0: Ball 1-0: Ball 2-0: Swinging Strike 2-1: Ball 3-1: Base on Balls
|
|
Batting: LHB Mark Gerard
|
0-0: Called Strike 0-1: Ball 1-1: Ball 2-1: SINGLE (Groundball, 4D, EV 98.8 MPH) Kelly Gruber to second Runner from 2nd tries for 3rd, OUT! 8-5
|
|
Batting: RHB Vaughn Calloway
|
0-0: Called Strike 0-1: Ball 1-1: Foul Ball, location: 2F 1-2: Ball 2-2: Ball 3-2: Base on Balls Mark Gerard to second
|
|
Batting: RHB Jerry Hidalgo
|
0-0: Ball 1-0: Swinging Strike 1-1: 3-RUN HOME RUN (Line Drive, 78XD, EV 105.6 MPH), Distance : 415 ft
|
|
Batting: RHB Johnny Vestal
|
0-0: Foul Ball, location: 2F 0-1: Called Strike 0-2: Ball 1-2: Ball 2-2: Ball 3-2: Base on Balls
|
|
Batting: RHB Juan Hernandez
|
0-0: Grounds into double play, 6-4-3 (Groundball, 6, EV 103.8 MPH)
|
| Bottom of the 4th over - 3 runs, 2 hits, 0 errors, 0 left on base; Spartanburg 2 - Sumter 3 |
| TOP OF THE 5TH |
|
Spartanburg Spartans batting - Pitching for Sumter Gamecocks : RHP David Lopez
|
|
Batting: RHB Ron Dillard
|
0-0: Bunt missed! 0-1: Ball 1-1: Ground out 4-3 (Groundball, 4, EV 87.5 MPH)
|
|
Batting: RHB Rigo Rodriguez
|
0-0: Ball 1-0: Called Strike 1-1: Ground out U3 (Groundball, 34, EV 86.9 MPH)
|
|
Batting: RHB Robin Dreizler
|
0-0: Ball 1-0: Called Strike 1-1: Ball 2-1: Called Strike 2-2: Fly out, F8 (Flyball, 8LXD, EV 98.1 MPH)
|
| Top of the 5th over - 0 runs, 0 hits, 0 errors, 0 left on base; Spartanburg 2 - Sumter 3 |
| BOTTOM OF THE 5TH |
|
Sumter Gamecocks batting - Pitching for Spartanburg Spartans : LHP Michael Bungarz
|
|
Batting: SHB John Cangelosi
|
0-0: Called Strike 0-1: Swinging Strike 0-2: Ball 1-2: Strikes out swinging
|
|
Batting: LHB Rick Siriano
|
0-0: Ball 1-0: Ball 2-0: Ball 3-0: Called Strike 3-1: Called Strike 3-2: Base on Balls
|
|
Batting: RHB Randy Washington
|
0-0: Ball Rick Siriano is caught stealing 2nd base 2-4 1-0: Swinging Strike 1-1: Ball 2-1: Swinging Strike 2-2: Ground out U3 (Groundball, 13, EV 90.0 MPH)
|
| Bottom of the 5th over - 0 runs, 0 hits, 0 errors, 0 left on base; Spartanburg 2 - Sumter 3 |
| TOP OF THE 6TH |
|
Spartanburg Spartans batting - Pitching for Sumter Gamecocks : RHP David Lopez
|
|
Batting: SHB Michael Vanderburg
|
0-0: Foul Ball, location: 2F 0-1: Ball 1-1: Called Strike 1-2: Foul Ball, location: 2F 1-2: SINGLE (Flyball, 34D, EV 96.3 MPH)
|
|
Batting: RHB Van Sowards
|
0-0: Ball 1-0: Ball 2-0: Called Strike 2-1: Ball 3-1: Base on Balls Michael Vanderburg to second
|
|
Batting: LHB John Hennell
|
0-0: Ball 1-0: Fielders Choice at 2nd, 3-6 (Groundball, 3, EV 101.9 MPH) Michael Vanderburg to third
|
|
Batting: RHB Gib Seibert
|
0-0: Called Strike 0-1: Ball 1-1: Foul Ball, location: 2F 1-2: SINGLE (Groundball, 56D, EV 96.3 MPH) Michael Vanderburg scores John Hennell to second
|
|
Batting: RHB Dan Boever
|
0-0: Called Strike 0-1: Ball 1-1: Fielders Choice at 2nd, 4-6 (Groundball, 34, EV 76.9 MPH) John Hennell to third
|
|
Batting: LHB Albert Ortiz
|
0-0: Called Strike 0-1: SINGLE (Groundball, 25, EV 70.6 MPH) (infield hit) John Hennell scores Dan Boever to second
|
|
Pinch Runner at 1st Ronn Van Krevelen:
|
|
|
Batting: RHB Ron Dillard
|
0-0: Ball 1-0: Called Strike 1-1: Foul Ball, location: 2F 1-2: Foul Ball, location: 2F 1-2: Strikes out swinging
|
| Top of the 6th over - 2 runs, 3 hits, 0 errors, 2 left on base; Spartanburg 4 - Sumter 3 |
| BOTTOM OF THE 6TH |
|
Sumter Gamecocks batting - Pitching for Spartanburg Spartans : LHP Michael Bungarz
|
|
Now at 1B: Inocencio Guerrero
|
|
|
Batting: RHB Kelly Gruber
|
0-0: SINGLE (Groundball, 4S, EV 86.9 MPH) (infield hit)
|
|
Batting: LHB Mark Gerard
|
0-0: Ball 1-0: Foul Ball, location: 2F 1-1: Ball 2-1: Foul Ball, location: 2F 2-2: SINGLE (Groundball, 4D, EV 101.3 MPH) Kelly Gruber to second Runner from 2nd tries for 3rd, SAFE, throw by RF made to third
|
|
Batting: RHB Vaughn Calloway
|
0-0: Called Strike 0-1: Ball 1-1: Ball 2-1: Called Strike 2-2: Ball 3-2: Base on Balls Mark Gerard to second
|
|
Batting: RHB Jerry Hidalgo
|
0-0: Swinging Strike 0-1: Foul Ball, location: 2F 0-2: Ball 1-2: Ball 2-2: Strikes out swinging
|
|
Pitching: LHP Nick Fiorillo
|
|
|
Batting: RHB Johnny Vestal
|
0-0: Ball 1-0: Foul Ball, location: 2F 1-1: Ball 2-1: Fly out, F7 (Line Drive, 7D, EV 93.1 MPH) Runner from 3rd tags up, SCORES, no throw by LF Mark Gerard to third
|
|
Batting: RHB Juan Hernandez
|
0-0: Called Strike 0-1: Ball 1-1: Ball 2-1: Foul Ball, location: 2F 2-2: Hit by Pitch Vaughn Calloway to second
|
|
Batting: SHB John Cangelosi
|
0-0: Ball Wild Pitch! Mark Gerard scores Vaughn Calloway to third Juan Hernandez to second 1-0: Swinging Strike 1-1: Called Strike 1-2: Strikes out swinging
|
| Bottom of the 6th over - 2 runs, 2 hits, 0 errors, 2 left on base; Spartanburg 4 - Sumter 5 |
| TOP OF THE 7TH |
|
Spartanburg Spartans batting - Pitching for Sumter Gamecocks : RHP David Lopez
|
|
Batting: RHB Rigo Rodriguez
|
0-0: Ground out 6-3 (Groundball, 56, EV 99.4 MPH)
|
|
Batting: RHB Robin Dreizler
|
0-0: Called Strike 0-1: Called Strike 0-2: Ball 1-2: Foul Ball, location: 2F 1-2: Ground out 4-3 (Groundball, 34S, EV 77.5 MPH)
|
|
Batting: SHB Michael Vanderburg
|
0-0: Bunt missed! 0-1: Ball 1-1: Ground out 4-3 (Groundball, 4M, EV 87.5 MPH)
|
| Top of the 7th over - 0 runs, 0 hits, 0 errors, 0 left on base; Spartanburg 4 - Sumter 5 |
| BOTTOM OF THE 7TH |
|
Sumter Gamecocks batting - Pitching for Spartanburg Spartans : LHP Nick Fiorillo
|
|
Batting: LHB Rick Siriano
|
0-0: Called Strike 0-1: Swinging Strike 0-2: Ball 1-2: Ball 2-2: Foul Ball, location: 2F 2-2: Foul Ball, location: 2F 2-2: Foul Ball, location: 2F 2-2: Fly out, F7 (Flyball, 7LM, EV 89.4 MPH)
|
|
Batting: RHB Randy Washington
|
0-0: Ball 1-0: Ball 2-0: Ball 3-0: Called Strike 3-1: Base on Balls
|
|
Batting: RHB Kelly Gruber
|
0-0: Ball 1-0: Swinging Strike 1-1: Called Strike 1-2: Foul Ball, location: 2F 1-2: Strikes out swinging
|
|
Batting: LHB Mark Gerard
|
0-0: Ball 1-0: Called Strike 1-1: Swinging Strike 1-2: Ball 2-2: Foul Ball, location: 2F 2-2: Ball 3-2: Foul Ball, location: 2F 3-2: Foul Ball, location: 2F 3-2: Strikes out swinging
|
| Bottom of the 7th over - 0 runs, 0 hits, 0 errors, 1 left on base; Spartanburg 4 - Sumter 5 |
| TOP OF THE 8TH |
|
Spartanburg Spartans batting - Pitching for Sumter Gamecocks : RHP David Lopez
|
|
Batting: RHB Van Sowards
|
0-0: Ball 1-0: Foul Ball, location: 2F 1-1: Ball 2-1: Foul Ball, location: 2F 2-2: Strikes out swinging
|
|
Batting: LHB John Hennell
|
0-0: Called Strike 0-1: Ball 1-1: Foul Ball, location: 2F 1-2: Ball 2-2: Ball 3-2: Base on Balls
|
|
Batting: RHB Gib Seibert
|
0-0: Ball 1-0: Foul Ball, location: 2F 1-1: Ball 2-1: Foul Ball, location: 2F 2-2: Fly out, F4 (Flyball, 34D, EV 91.3 MPH)
|
|
Batting: RHB Dan Boever
|
0-0: Fly out, F9 (Flyball, 89D, EV 94.4 MPH)
|
| Top of the 8th over - 0 runs, 0 hits, 0 errors, 1 left on base; Spartanburg 4 - Sumter 5 |
| BOTTOM OF THE 8TH |
|
Sumter Gamecocks batting - Pitching for Spartanburg Spartans : LHP Nick Fiorillo
|
|
Batting: RHB Vaughn Calloway
|
0-0: Called Strike 0-1: Foul Ball, location: 2F 0-2: Ball 1-2: Ball 2-2: Ground out 3-1 (Groundball, 34, EV 99.4 MPH)
|
|
Batting: RHB Jerry Hidalgo
|
0-0: Ball 1-0: Foul Ball, location: 2F 1-1: Ball 2-1: Fly out, F9 (Line Drive, 9D, EV 87.5 MPH)
|
|
Now in RF: Warren McReddie
|
|
|
Batting: RHB Johnny Vestal
|
0-0: Ball 1-0: Called Strike 1-1: Foul Ball, location: 2F 1-2: Ball 2-2: Fly out, F9 (Flyball, 9S, EV 89.4 MPH)
|
| Bottom of the 8th over - 0 runs, 0 hits, 0 errors, 0 left on base; Spartanburg 4 - Sumter 5 |
| TOP OF THE 9TH |
|
Spartanburg Spartans batting - Pitching for Sumter Gamecocks : RHP David Lopez
|
|
Pitching: RHP Kurt Mattson
|
|
|
Batting: RHB Inocencio Guerrero
|
0-0: Ball 1-0: Called Strike 1-1: Ball 2-1: Swinging Strike 2-2: Strikes out looking
|
|
Batting: RHB Ron Dillard
|
0-0: Ball 1-0: SINGLE (Groundball, 56, EV 85.0 MPH) (infield hit)
|
|
Batting: RHB Rigo Rodriguez
|
0-0: Ball 1-0: Called Strike 1-1: Foul Ball, location: 2F 1-2: Foul Ball, location: 2F 1-2: Ball 2-2: Ball 3-2: Strikes out looking and he ARGUES THE CALL AND IS TOSSED!
|
|
Batting: RHB Robin Dreizler
|
0-0: Called Strike 0-1: Ball 1-1: Swinging Strike 1-2: Foul Ball, location: 2F 1-2: Ball 2-2: Ball 3-2: Ground out 5-3 (Groundball, 5S, EV 60.6 MPH)
|
| Top of the 9th over - 0 runs, 1 hit, 0 errors, 1 left on base; Spartanburg 4 - Sumter 5 |
|